[Event "44th Chess Olympiad Open 2022"]
[Site "Chennai"]
[Date "2022.08.08"]
[Round "10.11"]
[White "Macovei, Andrei"]
[Black "Hammer, Jon Ludvig"]
[Result "0-1"]
[ECO "C67"]
[WhiteElo "2478"]
[BlackElo "2638"]
[Annotator "TA"]
[PlyCount "84"]
[EventDate "2022.07.29"]
[EventType "team-tourn"]
[EventCountry "IND"]
[SourceTitle "playchess.com"]
[Source "ChessBase"]
[SourceQuality "1"]
[WhiteTeam "Moldova"]
[BlackTeam "Norway"]
[WhiteTeamCountry "MDA"]
[BlackTeamCountry "NOR"]
[TimeControl "40/5400+30:1800+30"]

1. e4 e5 2. Nf3 Nc6 3. Bb5 Nf6 4. O-O Nxe4 5. Re1 Nd6 6. Nxe5 Be7 7. Bf1 Nf5 {[%emt 0:00:44] C67: Ruy Lopez: Berlin Defence: 4 0-0 Nxe4.} 8. Nf3 O-O 9. d4 d5 {[%emt 0:00:07] The position is equal.} 10. Nc3 Bb4 11. a3 Bxc3 12. bxc3 Nd6 {[%emt 0:02:46] [#] Against c4} 13. a4 $146 ({Predecessor:} 13. h3 Bf5 14. Bf4 Re8 15. Rxe8+ Qxe8 16. Nh4 Be4 17. f3 Bg6 18. Nxg6 hxg6 19. Bd3 {½-½ (54) Nakamura,H (2736)-Carlsen,M (2863) chess24.com INT 2020}) 13... Na5 14. Bd3 Bf5 (14... Nac4 {looks sharper.} 15. Ne5 Re8 16. Qf3 Be6) 15. Re5 Be4 16. Ng5 $1 c6 17. Qh5 ({Of course not} 17. Nxe4 dxe4 18. Bxe4 Nac4 $11) (17. Ba3 $1 $16 Nac4 18. Bxd6 (18. Bxe4 Nxe4 19. Be7 Qc7 $14) (18. Nxe4 dxe4 19. Bxd6 Nxe5 $16) 18... Nxe5 19. Nxe4 dxe4 20. Bxf8 (20. dxe5 exd3 21. Bxf8 Qxf8 $16) 20... exd3 21. Bxg7 (21. dxe5 Qxf8 22. cxd3 Qc5 $16) 21... Kxg7 22. dxe5) 17... Bxd3 $11 18. cxd3 h6 19. Nf3 f6 $1 $36 {[%emt 0:00:25][%mdl 2048] Black fights for an advantage.} 20. Re3 {[%emt 0:18:03] Black must now prevent Ba3.} Nb3 {[%emt 0:00:12] Pair of Knights!} 21. Rb1 Nxc1 22. Rxc1 Re8 23. c4 (23. Qg4 $11) 23... Rxe3 $15 24. fxe3 Qe7 25. e4 dxc4 26. dxc4 (26. e5 cxd3 $1 27. Rd1 fxe5 28. Nxe5 Re8 $17) 26... Qxe4 {[%emt 0:00:16] Hoping for ...Qe3+.} 27. Re1 {[%emt 0:00:53][%cal Bc1e1,Be1e7,Be7b7][%mdl 32] Prevents Qe3+.} Qd3 (27... Qc2 28. c5 Nc4 29. Re7 $11) 28. c5 Nf7 (28... Nf5 $17 29. Qg6 b6 30. cxb6 axb6) 29. h4 $11 b6 30. Re7 Qc4 31. Kh2 bxc5 32. Qxc5 ({Much weaker is} 32. Qg6 Rf8 33. Qe4 (33. Rxa7 cxd4 34. Qe4 Rd8 $17) 33... cxd4 34. Qxd4 Qxd4 35. Nxd4 c5 $17) 32... Qxa4 {[%emt 0:01:22] Threatens to win with ...Qb5.} 33. Rb7 {[%emt 0:00:18] Inhibits Qb5.} a5 34. d5 $2 ({White should play} 34. Kh3 $15) 34... Qf4+ $19 35. Kh1 Ne5 36. Qe7 Qg4 37. d6 (37. Ng5 {was worth a try.} Qxh4+ 38. Nh3) 37... Nxf3 38. gxf3 Qxf3+ 39. Kh2 Qf4+ $2 (39... Qf2+ $19 40. Kh3 Qf3+ 41. Kh2 Qf4+ 42. Kh3 Qf1+ 43. Kh2 Qf4+ 44. Kh3 Qf1+ 45. Kh2 Qf4+) 40. Kh3 $2 {[%emt 0:02:48][%mdl 8192] [#]} (40. Kg2 $1 $15 Qg4+ 41. Kf1) 40... Qf5+ $1 41. Kg2 $2 {[%emt 0:30:08] [#]} (41. Kh2 Qe5+ 42. Qxe5 fxe5 43. Re7) 41... Qg6+ $1 42. Kh1 Re8 {[%emt 0:00:00] Weighted Error Value: White=0.47/Black=0.18 (very precise)} 0-1

[Event "44th Chess Olympiad Open 2022"]
[Site "Chennai"]
[Date "2022.08.08"]
[Round "10.11"]
[White "Ceres, Dragos"]
[Black "Urkedal, Frode Olav Olsen"]
[Result "1-0"]
[ECO "C47"]
[WhiteElo "2378"]
[BlackElo "2555"]
[Annotator "TA"]
[PlyCount "119"]
[EventDate "2022.07.29"]
[EventType "team-tourn"]
[EventCountry "IND"]
[SourceTitle "playchess.com"]
[Source "ChessBase"]
[SourceQuality "1"]
[WhiteTeam "Moldova"]
[BlackTeam "Norway"]
[WhiteTeamCountry "MDA"]
[BlackTeamCountry "NOR"]
[TimeControl "40/5400+30:1800+30"]

1. e4 e5 2. Nf3 Nc6 3. Nc3 Nf6 4. d4 exd4 5. Nxd4 Bb4 6. Nxc6 bxc6 7. Bd3 d5 8. exd5 O-O 9. O-O cxd5 10. Bg5 c6 11. Qf3 Rb8 {[%emt 0:02:38] 11...h6 is the recent fashion.} 12. h3 Bd6 13. b3 {[%emt 0:06:33] C47: Scotch Four Knights and Four Knights with 4 g3.} h6 14. Bxf6 Qxf6 15. Qxf6 {[%emt 0:00:05] The position is equal.} gxf6 16. Ne2 Re8 17. Rad1 Be6 18. Ng3 c5 {[%emt 0:09:06] [#]} 19. Nh5 $146 ({Predecessor:} 19. Nf5 Bf8 20. g4 c4 21. bxc4 dxc4 22. Be4 Rb2 23. a4 c3 24. Bd3 Reb8 25. Ra1 {½-½ (62) Meissner,F (2362)-Kravtsiv,M (2625) Chess.com INT 2020}) 19... Be5 20. f4 Bd4+ 21. Kh1 Kh8 22. Rf3 Rb6 23. Bf1 {[%emt 0:02:08] Black must now prevent c3.} Bc8 24. c3 Be3 25. Rxd5 Bb7 {[%emt 0:00:07] A strong pair of Bishops.} 26. Bc4 (26. Rxe3 $5 Rxe3 27. Rd8+ Kh7 28. Kh2 $11 (28. Bd3+ Be4 $17)) 26... Bxd5 27. Bxd5 Rd6 28. Bxf7 Rd1+ 29. Kh2 Bg1+ 30. Kg3 $1 Re3 31. Rxe3 (31. Nxf6 $2 Rxf3+ 32. Kxf3 Kg7 $19) 31... Bxe3 $11 {[%emt 0:00:02][%mdl 4096] Endgame KRB-KBN} 32. Bc4 Rd6 33. Kf3 ({Better is} 33. Kg4 $14) 33... Bd2 34. Ng3 Rd8 35. Ne4 f5 36. Ng3 (36. Nxd2 Rxd2 37. Be6 Kg7 38. Bxf5 Rxa2 $17) 36... Rf8 37. Bd3 Bxc3 38. Nxf5 Bg7 39. g4 Re8 40. h4 Bd4 (40... Re1 $16 {was necessary.}) 41. h5 (41. Be4 $18) 41... Re1 42. Bc4 (42. Nxd4 cxd4 43. Be2 Ra1 $15) 42... Bg7 43. g5 Rh1 44. Kg2 $1 (44. Nxh6 Bxh6 45. gxh6 Rxh5 $15) (44. Nxg7 Kxg7 45. Kg4 Rg1+ 46. Kh4 Rh1+ 47. Kg4 Rg1+ 48. Kh4 Rh1+ 49. Kg4 $11) 44... Rd1 45. a4 (45. gxh6 Bb2 $11) (45. Nxh6 Bxh6 46. gxh6 Kh7 $15) 45... Rd2+ 46. Kg3 Rd1 47. Ne7 (47. Nxh6 $6 Bxh6 48. gxh6 Kh7 $11) (47. gxh6 Bf8 $11) 47... Rg1+ 48. Kh2 $1 {[%emt 0:00:00] White is more active.} Bd4 49. Nf5 Rg4 50. Nxh6 ({Don't go for} 50. Nxd4 $2 cxd4 51. gxh6 Rxf4 $19) 50... Rxf4 {[%emt 0:00:19] [#]} 51. Kh3 $1 {[%emt 0:00:00] Prevents Rh4+.} ({Reject} 51. Kg3 $6 Be5 52. Kh3 (52. Ng4 Rxc4+ 53. Nxe5 Rb4 $17) 52... Bc7 $11) 51... Kg7 {[%emt 0:05:12] Prevents Nf7.} 52. Ng4 Bc3 53. Kg3 Rf8 {[%emt 0:00:06] [#]} (53... Bd2 $142) 54. Bd3 $1 $16 {[%emt 0:03:10] Strongly threatening h6+.} Be1+ 55. Kg2 {[%emt 0:00:16] h6+ is the strong threat.} Bc3 (55... Kh8 $16) 56. h6+ $18 Kh8 57. g6 {[%emt 0:01:02] aiming for Ne3.} Rd8 58. Bc4 {[%emt 0:00:36] Threatens to win with Ne3.} Rd1 $2 (58... Rd6) 59. Ne3 Rd2+ 60. Kf3 {[%emt 0:00:08] Weighted Error Value: White=0.06 (flawless) /Black=0.13 (very precise)} 1-0

[Event "44th Chess Olympiad Open 2022"]
[Site "Chennai"]
[Date "2022.08.08"]
[Round "10.12"]
[White "Moranda, Wojciech"]
[Black "Hillarp Persson, Tiger"]
[Result "0-1"]
[ECO "B90"]
[WhiteElo "2636"]
[BlackElo "2516"]
[Annotator "TA"]
[PlyCount "114"]
[EventDate "2022.07.29"]
[EventType "team-tourn"]
[EventCountry "IND"]
[SourceTitle "playchess.com"]
[Source "ChessBase"]
[SourceQuality "1"]
[WhiteTeam "Poland"]
[BlackTeam "Sweden"]
[WhiteTeamCountry "POL"]
[BlackTeamCountry "SWE"]
[TimeControl "40/5400+30:1800+30"]

1. e4 c5 2. Nf3 d6 3. d4 cxd4 4. Nxd4 Nf6 5. Nc3 a6 6. f3 e5 7. Nb3 Be6 8. Be3 h5 9. Qd2 Nbd7 10. O-O-O Qc7 {[%emt 0:03:23] B90: Sicilian Najdorf: Unusual White 6th moves, 6 Be3 Ng4 and 6 Be3 e5.} 11. Kb1 Be7 12. f4 Rc8 {[%emt 0:07:20] The position is equal.} 13. f5 Bc4 14. Bxc4 Qxc4 15. Bg5 b5 {[%emt 0:15:17] [#]} 16. Na5 $146 ({Predecessor:} 16. a3 b4 17. axb4 Qxb4 18. Rhe1 Rb8 19. Qe2 Nc5 20. Bxf6 Nxb3 21. cxb3 gxf6 22. Nd5 Qxb3 {1-0 (28) Klovans,J (2492)-Adler,W Triesen 2000}) 16... Qb4 17. Nb7 Rxc3 $1 18. Rhe1 {[%emt 0:00:11] Strongly threatening Bxf6.} d5 {[%emt 0:14:07] Hoping for ...Rc7.} 19. Bxf6 Nxf6 20. Qxc3 Qxc3 21. bxc3 Kd7 (21... Nxe4 $16 22. Kb2 Nf6) 22. exd5 $18 {[%emt 0:07:06] And now d6 would win.} Bd6 23. Re3 h4 (23... Rc8 $16 24. Rg3 Bf8) 24. h3 e4 (24... Rc8 $16 25. g3 hxg3) 25. Rd4 (25. c4 $18) 25... Rh5 $16 26. Nxd6 (26. Kb2 {looks sharper.} Rxf5 27. Re2 Rh5 28. Nxd6 Kxd6 29. c4) 26... Kxd6 27. Rexe4 ({White should try} 27. c4 $16) 27... Nxe4 $11 28. Rxe4 Kxd5 $16 {[%emt 0:03:10][%mdl 4096] Endgame KR-KR} 29. Rg4 Rh7 30. Kb2 Ke5 31. a4 Kxf5 32. axb5 axb5 33. Kb3 g5 34. Kb4 Rg7 35. Kxb5 {[%emt 0:01:04] Threatens to win with c4.} Ke5 36. Rd4 f5 37. Kc4 g4 38. Kd3 gxh3 39. gxh3 Rg3+ {[%emt 0:00:14][%mdl 64] Skewer} 40. Ke2 Rxh3 41. Kf1 f4 42. Rd8 $2 (42. Kf2 $11) 42... Rh2 $1 {[%emt 0:00:00] ( -> ...Ke4)} 43. Rh8 Ke4 44. Kg1 Rxc2 45. Rxh4 {[%emt 0:00:00] [#]} Ke3 $1 {[%emt 0:00:00] Black mates.} 46. Rh8 Rc1+ 47. Kh2 f3 48. Re8+ Kf2 49. Ra8 Kf1 50. Ra2 f2 51. Kg3 Rxc3+ 52. Kh2 Re3 53. Ra1+ Re1 54. Ra2 Re8 55. Ra1+ Ke2 56. Ra2+ Kf3 57. Ra3+ {[%emt 0:00:00] [#]} Re3 $1 {[%emt 0:00:00] Black used his chance.  Weighted Error Value: White=0.53/Black=0.09 (flawless)} 0-1

[Event "44th Chess Olympiad Open 2022"]
[Site "Chennai"]
[Date "2022.08.08"]
[Round "10.12"]
[White "Berg, Emanuel"]
[Black "Bartel, Mateusz"]
[Result "0-1"]
[ECO "C47"]
[WhiteElo "2533"]
[BlackElo "2597"]
[Annotator "TA"]
[PlyCount "96"]
[EventDate "2022.07.29"]
[EventType "team-tourn"]
[EventCountry "IND"]
[SourceTitle "playchess.com"]
[Source "ChessBase"]
[SourceQuality "1"]
[WhiteTeam "Sweden"]
[BlackTeam "Poland"]
[WhiteTeamCountry "SWE"]
[BlackTeamCountry "POL"]
[TimeControl "40/5400+30:1800+30"]

1. e4 e5 2. Nf3 Nc6 3. Nc3 Nf6 4. d4 Bb4 5. d5 Ne7 6. Qd3 O-O {[%emt 0:03:50] C47: Scotch Four Knights and Four Knights with 4 g3.} 7. Bg5 Bxc3+ 8. Qxc3 (8. bxc3 {keeps more tension.} Ne8 9. Qe3 f6 10. Bh4) 8... Nxe4 {[%emt 0:02:22] The position is equal.} 9. Qxe5 Nxg5 10. Qxg5 {[%emt 0:00:12][%cal Od5d6] [#]} h6 $146 ({Predecessor:} 10... f6 11. Qd2 d6 12. Bc4 Ng6 13. O-O Ne5 14. Qc3 Re8 15. Rfe1 Kh8 16. Be2 Bd7 {½-½ (31) Kausch,H-Hameister,R GER email 2005}) 11. Qd2 d6 12. O-O-O a5 (12... Bf5 {seems wilder.} 13. Bd3 Bg4 14. Qf4 Qd7) 13. a4 Bd7 14. b3 Qb8 15. c4 {[%emt 0:17:36] Inhibits b5.} (15. Re1 $11 Re8 16. Re3) 15... c6 $15 16. dxc6 bxc6 17. Kb2 (17. Qxd6 $2 {[#]} Qxb3 $1 18. Qd3 Qxa4 $1 $17) 17... d5 (17... c5 $5 18. Ra1 Qb6 $15) 18. Re1 Be6 (18... Qd6 $15) 19. c5 $1 $11 d4 20. Rxe6 fxe6 $15 21. Bc4 Qf4 (21... Rf6 $15 {is superior.}) 22. Qxf4 $11 Rxf4 23. Re1 $1 Rd8 24. Rxe6 Kf8 25. Kc2 Nd5 $36 {[%emt 0:02:58][%mdl 2048] Black is more active.} 26. Kd2 (26. Kc1 $11) 26... Nb4 $17 27. Ne5 {[%emt 0:02:53] Ng6+ is the strong threat.} Rxf2+ 28. Ke1 Rxg2 29. Ng6+ {[%emt 0:00:27] [#]} Rxg6 $1 30. Rxg6 {[%emt 0:00:02][%mdl 4096] Endgame KRB-KRN} Re8+ 31. Kf2 {[%emt 0:01:47] White does not recover from this.} (31. Kf1 $17 {keeps fighting.}) 31... d3 $19 {[%emt 0:03:05] Hoping for ...d2.} 32. Re6 $2 (32. Rd6 {is a better defense.} Re2+ 33. Kg1) 32... Rxe6 33. Bxe6 {[%emt 0:00:01] KB-KN} Na6 34. Bd7 (34. Ke3 $142 Nxc5 35. Bg4) 34... Nxc5 35. Bxc6 Nxb3 {[%emt 0:00:19] Strongly threatening ...Nc5.} 36. Bf3 Nc5 37. Bd1 Ke7 38. Ke3 g5 39. Kd4 Kd6 40. h3 d2 41. Ke3 Ke5 42. Kxd2 Kf4 43. Kc3 Kg3 44. Kc4 {[%emt 0:02:19] [#]} Nxa4 $1 {[%emt 0:00:06][%mdl 512] ( -> ...Nb2+)} 45. Bxa4 (45. Bg4 Kh4) 45... Kxh3 {[%emt 0:00:03] Black mates.} 46. Kd3 g4 47. Bd7 h5 48. Ke2 Kh2 {[%emt 0:00:07] Weighted Error Value: White=0.97/Black=0.09 (flawless)} 0-1

[Event "44th Chess Olympiad Open 2022"]
[Site "Chennai"]
[Date "2022.08.08"]
[Round "10.12"]
[White "Blomqvist, Erik"]
[Black "Piorun, Kacper"]
[Result "0-1"]
[ECO "C02"]
[WhiteElo "2521"]
[BlackElo "2636"]
[Annotator "TA"]
[PlyCount "96"]
[EventDate "2022.07.29"]
[EventType "team-tourn"]
[EventCountry "IND"]
[SourceTitle "playchess.com"]
[Source "ChessBase"]
[SourceQuality "1"]
[WhiteTeam "Sweden"]
[BlackTeam "Poland"]
[WhiteTeamCountry "SWE"]
[BlackTeamCountry "POL"]
[TimeControl "40/5400+30:1800+30"]

1. e4 e6 2. d4 d5 3. e5 c5 4. c3 Nc6 5. Nf3 Bd7 6. Be2 Nge7 7. O-O Ng6 $1 {[%emt 0:00:23] The main line 7...Ng6 scores better than 7...Nf5.} 8. Be3 Be7 {[%emt 0:00:28] C02: French: Advance Variation.} 9. Nbd2 {[%emt 0:01:24] 9.dxc5 is vanishing.} O-O 10. Re1 c4 {[%emt 0:07:41] [#] The position is equal.} 11. Nf1 $146 ({Predecessor:} 11. Qc2 f6 12. exf6 Bxf6 13. Nf1 Nh4 14. Ng3 Be8 15. Qd2 Nxf3+ 16. Bxf3 Bg6 17. Bf4 {1-0 (30) Dimitrov,P (2465)-Shaw,T (2164) Pula 2007}) 11... f6 12. exf6 Rxf6 13. Qd2 Qb8 14. b3 cxb3 15. axb3 Bd6 16. g3 Qc7 17. h4 Raf8 18. h5 Nge7 19. Nh4 e5 20. dxe5 Nxe5 (20... Bxe5 $14 21. f4 Bd6) 21. Nh2 ({White should try} 21. Rxa7 $16 N5c6 22. Ra2) 21... N5c6 {[%emt 0:10:56][%cal Od6g3] White must now prevent ...Bxg3!} 22. f4 Qc8 23. N2f3 (23. Qd1 $14) 23... Bg4 24. Nd4 Nxd4 25. Bxd4 Re6 26. Rxa7 ({Much weaker is} 26. Bxg4 Rxe1+ 27. Rxe1 (27. Qxe1 Qxg4 28. Ng2 a6 $11) 27... Qxg4 $11) (26. Kg2 $14 Re4 27. Bd3 (27. Bxa7 Bxf4 28. Qd3 Bxg3 $19)) 26... Nc6 $11 {[%emt 0:01:41] Threatens to win with ...Rfe8.} 27. Raa1 Bxe2 28. Rxe2 Nxd4 29. cxd4 {[%emt 0:00:13] [#]} Bb4 $1 30. Qd3 (30. Qd1 Rxe2) 30... Rxe2 31. Qxe2 Qc3 $1 32. Rf1 ({Much worse is} 32. Qe6+ Kh8 33. Rf1 Qxg3+ 34. Ng2 Bc3 35. Qxd5 Qd3 $17) 32... Qxg3+ 33. Ng2 Bc3 34. Qe6+ (34. Rd1 $5 Ra8 35. h6 $11) 34... Kh8 35. Qxd5 Qd3 $36 {[%emt 0:01:59][%mdl 2048] Black has good play.} 36. Qf3 Bxd4+ 37. Kh2 $1 Qxf3 38. Rxf3 $15 {[%emt 0:00:04][%mdl 4096] Endgame KRB-KRN} Rf5 39. Rh3 {[%emt 0:01:11] [#]} Bf2 $1 {[%emt 0:01:08] Black is more active.} 40. h6 gxh6 41. Rxh6 Kg7 42. Rh3 Kg6 43. Nh4+ $2 {[%emt 0:03:13][%mdl 8192] This move loses the game for White.} (43. Ne3 $17 Rxf4 44. Kg2) 43... Bxh4 $19 44. Rxh4 {[%emt 0:00:05] [#]} Rh5 $1 {[%emt 0:00:08] Black mates.} 45. Rxh5 Kxh5 46. Kg3 Kg6 47. Kg4 h5+ 48. Kh4 b5 {[%emt 0:00:04] Weighted Error Value: White=0.45/Black=0.09 (flawless)} 0-1

[Event "44th Chess Olympiad Open 2022"]
[Site "Chennai"]
[Date "2022.08.08"]
[Round "10.13"]
[White "Karthikeyan, Murali"]
[Black "Druska, Juraj"]
[Result "1/2-1/2"]
[ECO "B36"]
[WhiteElo "2613"]
[BlackElo "2519"]
[Annotator "TA"]
[PlyCount "92"]
[EventDate "2022.07.29"]
[EventType "team-tourn"]
[EventCountry "IND"]
[SourceTitle "playchess.com"]
[Source "ChessBase"]
[SourceQuality "1"]
[WhiteTeam "India"]
[BlackTeam "Slovakia"]
[WhiteTeamCountry "IND"]
[BlackTeamCountry "SVK"]
[TimeControl "40/5400+30:1800+30"]

1. e4 c5 2. Nf3 Nc6 3. d4 cxd4 4. Nxd4 g6 5. c4 Nf6 6. Nc3 d6 7. Be2 Nxd4 8. Qxd4 Bg7 9. Be3 O-O 10. Qd2 a5 {[%emt 0:00:39][%cal Ba7a5,Ba5a4][%mdl 32] B36: Sicilian: Maroczy Bind: Gurgenidze System.} 11. O-O a4 12. f3 {[%emt 0:01:06] 12.Bd4 is the modern continuation.} Qa5 {[%emt 0:01:07] White has an edge.} 13. Rfc1 Be6 14. Rab1 {[%emt 0:01:09] The position is equal.} Rfc8 15. b4 axb3 $1 16. axb3 Qb4 $1 17. Kf1 Nd7 {[%emt 0:08:51] [#]} 18. Qc2 $146 ({Predecessor:} 18. Nd5 Qxd2 19. Bxd2 Kf8 20. Bg5 f6 21. Be3 f5 22. Nf4 Bf7 23. exf5 gxf5 24. Nd5 b5 25. Rd1 bxc4 26. bxc4 Rab8 {½-½ (26) Dolezal,C (2389)-Mekhitarian,K (2544) Buenos Aires 2017}) 18... Qxc3 19. Qxc3 Bxc3 20. Rxc3 b5 21. Bd4 bxc4 22. Rbc1 Kf8 23. Bxc4 Bxc4+ 24. Rxc4 Rxc4 25. Rxc4 $11 {[%emt 0:00:08][%mdl 4096] Endgame KRB-KRN} f6 26. b4 Ne5 27. Bxe5 fxe5 {[%emt 0:00:09] KR-KR} 28. Ke2 Ke8 29. Kd3 Kd7 30. Rc2 e6 31. b5 Rb8 32. Rb2 d5 33. Kc3 Rc8+ 34. Kb4 Rc4+ 35. Ka5 Kc7 36. exd5 exd5 37. b6+ Kb7 38. Kb5 {[%emt 0:02:15] Prevents Rc5+.} Rc6 39. Re2 e4 40. fxe4 dxe4 41. g3 Rxb6+ 42. Kc5 Kc7 43. Rxe4 Rc6+ 44. Kd5 {[%emt 0:00:05] [#] And now Re7+ would win.} Kd7 {[%emt 0:00:19] Inhibits Re7+.} 45. Ra4 {[%emt 0:00:00] White threatens Ra7+ and mate.} Rc7 {[%emt 0:00:00] Inhibits Ra7.} 46. Ke4 Ke6 {[%emt 0:00:00] Weighted Error Value: White=0.01 (flawless) /Black=0.01 (flawless)} 1/2-1/2

[Event "44th Chess Olympiad Open 2022"]
[Site "Chennai"]
[Date "2022.08.08"]
[Round "10.13"]
[White "Ganguly, Surya Shekhar"]
[Black "Pechac, Jergus"]
[Result "1/2-1/2"]
[ECO "C60"]
[WhiteElo "2608"]
[BlackElo "2594"]
[Annotator "TA"]
[PlyCount "85"]
[EventDate "2022.07.29"]
[EventType "team-tourn"]
[EventCountry "IND"]
[SourceTitle "playchess.com"]
[Source "ChessBase"]
[SourceQuality "1"]
[WhiteTeam "India"]
[BlackTeam "Slovakia"]
[WhiteTeamCountry "IND"]
[BlackTeamCountry "SVK"]
[TimeControl "40/5400+30:1800+30"]

1. e4 e5 2. Nf3 Nc6 3. Bb5 Nge7 4. Nc3 Ng6 5. d4 Nxd4 6. Nxd4 {[%emt 0:00:08] C60: Ruy Lopez: Unusual Black 3rd moves and 3...g6.} exd4 7. Qxd4 c6 8. Be2 {[%emt 0:00:07] White is slightly better.} Qb6 9. Qd3 Be7 10. O-O O-O 11. a4 d6 12. a5 Qc7 13. f4 Bd7 {[%emt 0:00:07] [#]} 14. Be3 $146 ({Predecessor:} 14. Qc4 Qc8 15. Be3 Re8 16. Bd3 b5 17. axb6 axb6 18. Rxa8 Qxa8 19. Bxb6 Rb8 20. Be3 Rxb2 {½-½ (33) Ragger,M (2647)-Pechac,J (2599) Germany 2022}) 14... Rfe8 15. g3 b5 16. Bf3 Rab8 17. Ne2 (17. b4 $14) 17... b4 $11 18. Rfd1 c5 19. e5 Bb5 (19... Qc8 $14) 20. exd6 $16 {[%emt 0:00:38] White is more active.} Bxd6 21. Qxd6 Qxd6 22. Rxd6 {[%emt 0:00:05] [#] And now Kf2 would win.} Rxe3 23. Kf2 Rbe8 24. Ng1 Ne7 {[%emt 0:10:16] Against Bc6} 25. Rad1 Re6 26. Rxe6 fxe6 27. c3 bxc3 28. bxc3 a6 29. Be4 Bc4 30. Bd3 Bxd3 31. Rxd3 {[%emt 0:00:03][%mdl 4096] Endgame KRN-KRN} e5 32. fxe5 {[%emt 0:03:01] aiming for Rd6.} Nc6 33. Rd6 Nxe5 34. Rxa6 Ng4+ 35. Kf3 Nxh2+ 36. Kg2 Ng4 {[%emt 0:00:06] [#]} 37. Rc6 (37. Ra7 $1 $16) 37... Rf8 (37... Ne3+ $14 {was preferrable.} 38. Kh3 Kf7) 38. Rxc5 (38. a6 $16) 38... Ne3+ $11 {[%emt 0:00:19] The position is equal.} 39. Kh3 Rf1 $1 40. Kh2 Rf2+ 41. Kh3 Rf1 42. Kh2 Rf2+ 43. Kh3 {[%emt 0:00:00] Weighted Error Value: White=0.11 (very precise) /Black=0.09 (flawless)} 1/2-1/2

[Event "44th Chess Olympiad Open 2022"]
[Site "Chennai"]
[Date "2022.08.08"]
[Round "10.13"]
[White "Gazik, Viktor"]
[Black "Sethuraman, S.P."]
[Result "1-0"]
[ECO "C11"]
[WhiteElo "2544"]
[BlackElo "2623"]
[Annotator "TA"]
[PlyCount "105"]
[EventDate "2022.07.29"]
[EventType "team-tourn"]
[EventCountry "IND"]
[SourceTitle "playchess.com"]
[Source "ChessBase"]
[SourceQuality "1"]
[WhiteTeam "Slovakia"]
[BlackTeam "India"]
[WhiteTeamCountry "SVK"]
[BlackTeamCountry "IND"]
[TimeControl "40/5400+30:1800+30"]

1. e4 e6 2. d4 d5 3. Nc3 Nf6 4. e5 Nfd7 5. f4 c5 6. Nf3 Nc6 7. Be3 Be7 8. Qd2 a6 9. a3 {[%emt 0:02:27] C11: French: Classical System: 4 e5 and 4 Bg5 dxe4.} b5 10. Be2 O-O 11. O-O {[%emt 0:01:00] The position is equal.} Qc7 12. dxc5 Nxc5 13. Nd4 Ne4 14. Nxe4 dxe4 15. Qc3 Bd7 {[%emt 0:00:18][%cal Bc8d7,Bd7c6,Bc6d5,Bd5b3][%mdl 32] [#]} 16. Nxc6 $146 ({Predecessor:} 16. Nb3 Rfc8 17. Qd2 Bf8 18. Rfd1 Be8 19. c3 Ne7 20. Bc5 Bc6 21. Bd6 Qb7 22. Nd4 {½-½ (70) Rutkus,R (2307)-Voveris,G (2415) ICCF email 2018}) 16... Qxc6 17. Qxc6 Bxc6 18. Kf2 f6 19. exf6 Bxf6 20. c3 Bd5 21. Rad1 Bb3 22. Rd7 Rfd8 23. Rb7 Rd6 24. g4 h6 (24... Bd5 $11 25. Rd1 h6) 25. g5 $16 hxg5 26. fxg5 Be5 27. h4 Bd5 28. Re7 {[%emt 0:00:16] White is more active.} Rdd8 29. Bd4 (29. Kg2 {looks sharper.} Bd6 30. Ref7 Bc4 31. Bxc4 bxc4 32. Bc1) 29... Bxd4+ 30. cxd4 Rac8 (30... Re8 $16 31. Rxe8+ Rxe8) 31. Ke3 $18 Rf8 {[%emt 0:00:05] [#] Prevents Rff7.} (31... Re8 32. Ra7 Rf8) 32. g6 $1 Rc2 {[%emt 0:01:20][%cal Oc2e2] Hoping for ...Rxe2+!} 33. Rxf8+ Kxf8 {[%emt 0:00:04][%mdl 4096] Endgame KRB-KRB} 34. Rf7+ Kg8 35. Rd7 Kf8 36. Rf7+ Kg8 37. Rd7 Kf8 38. b4 Ra2 $2 (38... Rc3+ 39. Kf4 Rc2) 39. Rf7+ Kg8 40. Rc7 Kf8 (40... Rxa3+ $2 41. Kf4 Kf8 42. Ke5) 41. h5 (41. Rf7+ Kg8 $18) 41... e5 (41... Rxa3+ $2 42. Kf4 a5 43. Rc8+ Ke7 44. h6 gxh6 45. g7 axb4 {[#]} 46. Re8+ $3 Kxe8 47. g8=Q+ Kd7 48. Qf7+ Kc8 49. Qe8+ Kc7 50. Qe7+ Kb8 51. Qd8+ Ka7 52. Qd7+ Bb7 53. Qxb5) (41... Ra1 $142 42. Kf4 Rg1) 42. dxe5 Rxa3+ 43. Kd4 Be6 44. Ra7 {[%emt 0:03:02] aiming for Bxb5.} ({Less strong is} 44. Kxe4 Rb3 45. Kd4 Rb2 $18) 44... Ra2 45. Ke3 Ra4 46. Ra8+ Ke7 47. Ra7+ $2 (47. h6 gxh6 48. g7 Ra3+ 49. Kf4) 47... Kf8 48. Ra8+ $2 ({Weaker is} 48. Kxe4 Rxb4+ 49. Ke3 Bd5 $16) (48. Rb7) 48... Ke7 49. h6 gxh6 50. g7 Rxb4 {[%emt 0:04:05] [#]} 51. Bg4 $1 Rb3+ 52. Kf4 Rf3+ 53. Kxe4 {[%emt 0:00:59] Weighted Error Value: White=0.55/Black=0.55} 1-0